 Dungeon Crawl Stone Soup version 0.31-a0-271-gb88eb75e06 (webtiles) character file.

Game seed: 9419995824353259946

105878 drugrobin the Brawler (level 15, -7/140 HPs)
             Began as a Demigod Delver on July 14, 2023.
             Mangled by a culicivora (17 damage)
             ... on level 4 of the Spider Nest.
             The game lasted 01:18:12 (30213 turns).

drugrobin the Brawler (Demigod Delver)             Turns: 30213, Time: 01:18:13

Health: -7/140     AC: 14    Str: 30      XL:     15   Next: 48%
Magic:  22/22      EV: 15    Int: 16      God:
Gold:   749        SH:  5    Dex: 16 (19) Spells: 15/18 levels left

rFire   . .          .
                       - Unarmed
rCold   . . .        B - melded +0 buckler
rNeg    . . .        k - melded +2 robe {rC+ rF+}
rPois   .            s - melded +0 helmet
rElec   .            (cloak currently unavailable)
rCorr   .            (gloves currently unavailable)
SInv    .            a - melded +2 pair of boots
Will    +....        W - amulet of reflection
Stlth   +++          F - ring of wizardry
HPRegen 0.43/turn    G - +4 ring of protection
MPRegen 0.18/turn

%: reflection, wizardry (x1)
@: snake-form, wereblooded (expiring), studying Necromancy
A: constrict, amphibious, boosted hp, large, high MP 1, forlorn, divine
attributes
a: Begin Untransformation


You were on level 4 of the Spider Nest.
You were an enormous anaconda.
You visited 4 branches of the dungeon, and saw 23 of its levels.
You also visited: Sewer.

You collected 3260 gold pieces.
You spent 2511 gold pieces at shops.

Inventory:

Missiles
 i - 2 throwing nets
Armour
 a - a +2 pair of boots (melded)
 k - a +2 robe of resistance (melded)
 m - a +1 robe of willpower
 s - a +0 helmet (melded)
 B - a +0 buckler (melded)
Jewellery
 u - the ring of Dot Bich {rF+ rN+ Int+6}
   (You bought it in a shop on level 12 of the Dungeon)

   [ring of intelligence]

   Int:       It affects your intelligence (+6).
   rF:        It protects you from fire.
   rN:        It protects you from negative energy.
 w - a ring of fire
 F - a ring of wizardry (left hand)
 G - a +4 ring of protection (right hand)
 O - a ring of willpower
 W - an amulet of reflection (around neck)
Talismans
 r - a blade talisman
 N - a serpent talisman
Wands
 f - a wand of digging (2)
 E - a wand of light (18)
 K - a wand of charming (22)
 P - a wand of iceblast (9)
 U - a wand of flame (10)
Scrolls
 b - 3 scrolls of fog
 c - 8 scrolls of revelation
 d - 5 scrolls of fear
 h - 3 scrolls of summoning
 j - 4 scrolls of vulnerability
 o - 8 scrolls of teleportation
 z - 2 scrolls of blinking
 D - a scroll of silence
 H - a scroll of brand weapon
 L - 2 scrolls of identify
 R - 4 scrolls of poison
 S - 3 scrolls of immolation
Potions
 e - 4 potions of haste
 g - 4 potions of magic {unknown}
 l - 8 potions of curing
 n - 8 potions of heal wounds
 p - 2 potions of resistance
 q - 4 potions of enlightenment {unknown}
 t - 2 potions of invisibility {unknown}
 v - 5 potions of might
 x - 4 potions of brilliance
 A - 5 potions of lignification
 C - 6 potions of mutation
 I - a potion of attraction
 J - a potion of cancellation
 V - 2 potions of ambrosia {unknown}
Miscellaneous
 y - a sack of spiders


   Skills:
 + Level 6.9 Fighting
 + Level 10.3 Dodging
 - Level 4.5 Stealth
 + Level 20.9 Unarmed Combat
 + Level 2.2 Spellcasting
 * Level 11.7 Shapeshifting


You had 15 spell levels left.
You knew the following spells:

 Your Spells              Type           Power      Damage    Failure   Level
a - Wereblood             Tmut           1%         N/A       12%         2
b - Foxfire               Conj/Fire      4%         2x1d4     9%          1

Your spell library contained the following spells:

 Spells                   Type           Power      Damage    Failure   Level
 Sublimation of Blood     Necr           1%         N/A       12%         2
 Portal Projectile        Hex/Tloc       2%         N/A       24%         3
 Tukima's Dance           Hex            1%         N/A       24%         3
 Iskenderun's Mystic Bla  Conj/Tloc      1%         2d3       58%         4
 Summon Ice Beast         Ice/Summ       1%         N/A       58%         4
 Summon Forest            Summ/Tloc      0%         N/A       89%         5
 Summon Mana Viper        Hex/Summ       1%         N/A       89%         5
 Leda's Unmaking          Conj/Erth      0%         9d1       100%        6
 Plasma Beam              Fire/Air       0%         2x1d10    100%        6
 Simulacrum               Ice/Necr       0%         N/A       100%        6
 Starburst                Conj/Fire      0%         6d3       100%        6
 Summon Cactus Giant      Summ           0%         N/A       100%        6
 Monstrous Menagerie      Summ           0%         N/A       100%        7
 Ozocubu's Refrigeration  Ice            0%         4d7       100%        7
 Summon Hydra             Summ           0%         N/A       100%        7
 Summon Horrible Things   Summ           0%         N/A       100%        8
 Polar Vortex             Ice            0%         N/A       100%        9


Dungeon Overview and Level Annotations

Branches:
Dungeon (12/15)            Temple (0/1) D:4            Lair (5/5) D:8
 Shoals (0/4) Lair:3       Spider (4/4) Lair:2        Slime (0/5) Lair:4
    Orc (2/2) D:10            Elf (0/3) Orc:2         Sewer (visited)

Shops:
D:2 (   D:7 (   D:9 (   D:11 *   D:12 ***(   Orc:1 *   Orc:2 (((=

Annotations:
D:3 1 runed translucent door, Tyrius's ghost, amateur DrBe
D:12 Jorgrun
Spider:1 Donald
Orc:1 1 runed translucent door, Fyreb's ghost, journeyman MiBe


Innate Abilities, Weirdness & Mutations

You are an enormous anaconda.
You have a powerful constriction melee attack.
You are amphibious.
Your maximum health is increased.
Your armour is entirely melded.
You are incapable of wielding weapons or throwing items.
You have an increased reservoir of magic. (+10% MP)
You shall have no god before yourself.
Your divine heritage dramatically boosts your attributes as you level up.


Message History

The emperor scorpion is severely wounded.
You feel extremely sick.
The emperor scorpion closely misses you.
You block the emperor scorpion's attack.
The emperor scorpion claws you.
Unknown command.
Unknown command.
Unknown command.
You completely miss the emperor scorpion.
The emperor scorpion is severely wounded.
Your primal bloodlust is almost over.
* * * LOW HITPOINT WARNING * * *
You feel extremely sick.
Unknown command.
Unknown command.
Unknown command.
You body-slam the emperor scorpion!!
The emperor scorpion is almost dead.
* * * LOW HITPOINT WARNING * * *
You feel extremely sick. The emperor scorpion stings you!
* * * LOW HITPOINT WARNING * * *
The emperor scorpion claws you but does no damage.
The emperor scorpion closely misses you.
Unknown command.
Unknown command.
Unknown command.
Unknown command.
You body-slam the emperor scorpion!!
You feel a bit better.
You kill the emperor scorpion!
* * * LOW HITPOINT WARNING * * *
You feel extremely sick.
The jumping spider leaps!
Unknown command.
Unknown command.
Unknown command.
You feel better.
The culicivora's many legs skitter faintly.
The culicivora barely misses you. The culicivora bites you!
You die...

#.### #..... .#.#^.
##^...#.
......##.#...^.
.......#..^.^
.......#...#
....s.....## .[
...s.......#s...
......##s○^..#..#
$s...##S.####....
....##...#....... ...
#...#...#..## ##
###.^........
######### #.#......#
##.....#.## ##^....###
#.........# #####.^##
........#.# ##.####..#
..#...†...###..#....##


You could see a culicivora and a jumping spider.

Vanquished Creatures
  Nikola (Spider:1)
  Frances (D:12)
  An emperor scorpion (Spider:4)
  2 ghost moths
  A broodmother (Spider:3)
  A spark wasp (Spider:2)
  2 ettins (Orc:1)
  Harold (Orc:1)
  An entropy weaver (Spider:2)
  2 jorogumos
  3 hydras
  3 ogre magi (Orc:2)
  2 catoblepae
  A boulder beetle (Spider:3)
  2 tengu warriors (D:12)
  14 two-headed ogres
  3 death yaks (D:8)
  3 demonic crawlers
  A skyshark (Lair:2)
  4 pharaoh ants
  2 sun moths
  5 orb spiders
  A lindwurm (Lair:3)
  Pikel (D:7)
  An orc knight (Orc:2)
  10 wolf spiders
  2 orc sorcerers
  A moth of wrath (Spider:3)
  An oklob plant (Lair:5)
  2 cyclopes (Orc:2)
  11 elephants (Lair:4)
  A guardian serpent (Lair:5)
  8 black mambas
  6 torpor snails
  18 cane toads
  2 gargoyles (D:12)
  3 rime drakes
  An unseen horror (D:12)
  4 komodo dragons
  5 hornets
  3 meliai (Spider:3)
  2 trolls (D:12)
  2 polar bears
  16 tarantellas
  13 blink frogs
  11 jumping spiders
  5 slime creatures (D:10)
  A shadow (D:10)
  13 culicivoras
  Sigmund (D:2)
  14 wyverns
  56 yaks
  4 basilisks
  8 vampire mosquitoes (D:12)
  33 redbacks
  2 steam dragons (D:10)
  4 wargs
  3 acid dragons
  Pargi (Sewer)
  44 water moccasins
  12 orc warriors
  2 ice beasts
  6 black bears
  3 sky beasts (D:10)
  24 ogres
  45 wolves
  10 centaurs
  2 phantoms
  3 kobold brigands
  15 bullfrogs
  2 gnoll sergeants
  9 wights
  4 scorpions
  5 howler monkeys
  4 electric eels
  2 hounds
  3 jellies
  10 orc priests
  A gnoll bouda (D:5)
  6 hell rats (Lair:2)
  6 iguanas
  15 orc wizards
  11 gnolls
  23 adders
  4 shadow imps
  2 white imps
  2 worms
  50 orcs
  5 ball pythons
  6 bats
  5 endoplasms
  7 giant cockroaches
  4 goblins
  2 hobgoblins
  2 jackals (D:1)
  23 kobolds
  9 quokkas
  4 frilled lizards (D:1)
  5 rats
  2 rat zombies (D:6)
725 creatures vanquished.

Vanquished Creatures (collateral kills)
  A yak (D:9)
  4 gnolls (D:9)
5 creatures vanquished.

Vanquished Creatures (others)
  A yak (D:8)
  81 foxfires
82 creatures vanquished.

Grand Total: 812 creatures vanquished

Notes
Turn   | Place    | Note
-------+----------+-------------------------------------------
     0 | D:5      | drugrobin the Demigod Delver began the quest for the Orb.
     0 | D:5      | Reached XP level 1. HP: 18/18 MP: 3/3
    35 | D:5      | Reached skill level 2 in Unarmed Combat
   150 | D:4      | Found a staircase to the Ecumenical Temple.
   349 | D:1      | Reached XP level 2. HP: 25/25 MP: 4/4
   395 | D:1      | Reached skill level 3 in Unarmed Combat
   817 | D:1      | Reached XP level 3. HP: 30/30 MP: 5/5
   934 | D:1      | Reached skill level 4 in Unarmed Combat
  1278 | D:2      | Noticed Sigmund
  1344 | D:2      | Killed Sigmund
  1345 | D:2      | Reached skill level 7 in Unarmed Combat
  1345 | D:2      | Reached XP level 4. HP: 32/37 MP: 6/6
  1345 | D:2      | Reached XP level 5. HP: 37/42 MP: 7/7
  1679 | D:2      | Found Ruteun's Weapon Shoppe.
  2176 | D:3      | Reached skill level 8 in Unarmed Combat
  2320 | D:3      | Found a runed translucent door.
  2322 | D:3      | Noticed Tyrius's ghost (amateur DrBe)
  2841 | D:4      | Reached XP level 6. HP: 48/50 MP: 8/8
  2854 | D:4      | Reached skill level 9 in Unarmed Combat
  3007 | D:4      | Noticed a water moccasin
  3013 | D:4      | Killed a water moccasin
  3014 | D:4      | Reached skill level 10 in Unarmed Combat
  3122 | D:4      | Reached XP level 7. HP: 56/56 MP: 9/9
  3123 | D:4      | Noticed a fire elemental
  3126 | D:4      | Noticed a water elemental
  3126 | D:4      | Noticed an air elemental
  3768 | D:5      | Reached skill level 11 in Unarmed Combat
  3987 | D:5      | Reached skill level 12 in Unarmed Combat
  4276 | D:5      | Reached XP level 8. HP: 57/62 MP: 10/10
  4393 | D:5      | Reached skill level 13 in Unarmed Combat
  4820 | D:6      | Found a glowing drain.
  4849 | Sewer    | Entered a sewer
  4907 | Sewer    | Noticed Pargi
  4919 | Sewer    | Killed Pargi
  5051 | D:6      | Noticed a two-headed ogre
  5339 | D:6      | Reached skill level 14 in Unarmed Combat
  5972 | D:7      | Reached XP level 9. HP: 43/69 MP: 11/11
  6179 | D:7      | Noticed Pikel
  6217 | D:7      | Killed Pikel
  6318 | D:7      | Identified the +10 hand axe of Analysis {flame, rPois
                  | rCorr}
  6325 | D:7      | Paralysed by a hornet for 3 turns
  7095 | D:7      | Found Ydonie's Weapon Shop.
  7513 | D:8      | Learned a level 2 spell: Wereblood
  7661 | D:8      | Reached skill level 1 in Shapeshifting
  7727 | D:8      | Reached skill level 15 in Unarmed Combat
  7786 | D:8      | Reached XP level 10. HP: 78/80 MP: 13/13
  7847 | D:8      | Found a staircase to the Lair.
  7847 | D:8      | Noticed a death yak
  7847 | D:8      | Noticed a death yak
  7900 | D:8      | Killed a death yak
  8110 | D:8      | Noticed a death yak
  8149 | D:8      | Killed a death yak
  8669 | D:8      | Killed a death yak
  8952 | D:9      | Reached skill level 5 in Shapeshifting
  8955 | D:9      | Reached skill level 16 in Unarmed Combat
  9257 | D:9      | Reached XP level 11. HP: 47/85 MP: 14/14
  9350 | D:9      | Found Ymist's Antique Weapon Shop.
  9789 | D:10     | Entered Level 10 of the Dungeon
 10428 | D:10     | HP: 1/71 [large slime creature (26)]
 10921 | D:10     | Noticed a two-headed ogre
 10943 | D:10     | Killed a two-headed ogre
 11012 | D:10     | Found a staircase to the Orcish Mines.
 11551 | D:11     | Found Junn's General Store.
 11644 | D:11     | Bought a potion of curing for 33 gold pieces
 11644 | D:11     | Bought a scroll of poison for 44 gold pieces
 11644 | D:11     | Bought a scroll of fear for 44 gold pieces
 11644 | D:11     | Bought a scroll of vulnerability for 44 gold pieces
 11915 | Lair:1   | Entered Level 1 of the Lair of Beasts
 12044 | Lair:1   | Noticed a catoblepas
 12106 | D:8      | Killed a catoblepas
 13289 | Lair:2   | Reached skill level 17 in Unarmed Combat
 13622 | Lair:2   | Reached XP level 12. HP: 43/92 MP: 15/15
 13887 | Lair:2   | Found a hole to the Spider Nest.
 14402 | Lair:2   | Reached skill level 5 in Dodging
 15116 | Lair:3   | Found a staircase to the Shoals.
 15227 | Lair:3   | Noticed an eight-headed hydra
 15486 | Lair:3   | You fall into a shaft and drop 1 floor!
 15553 | Lair:4   | Reached skill level 18 in Unarmed Combat
 15595 | Lair:4   | Identified the +7 war axe of Iroiv {venom, +Blink rN+}
 15795 | Lair:4   | Learned a level 1 spell: Foxfire
 15843 | Lair:4   | Reached XP level 13. HP: 90/99 MP: 9/16
 15989 | Lair:4   | Found a staircase to the Slime Pits.
 16588 | Lair:5   | Entered Level 5 of the Lair of Beasts
 16749 | Lair:5   | Reached skill level 10 in Shapeshifting
 17094 | Lair:5   | Reached skill level 19 in Unarmed Combat
 17435 | Lair:5   | Found the +8 Vampire's Tooth {megavamp}
 17736 | Lair:5   | Identified a scroll of acquirement
 17759 | Lair:5   | Acquired a manual of Necromancy
 19376 | Orc:1    | Entered Level 1 of the Orcish Mines
 19376 | Orc:1    | Noticed Harold
 19383 | Orc:1    | Killed Harold
 19384 | Orc:1    | Reached XP level 14. HP: 64/105 MP: 17/17
 19637 | Orc:2    | Entered Level 2 of the Orcish Mines
 19714 | Orc:1    | Found Egio's Assorted Antiques.
 19783 | Orc:1    | Bought a scroll of identify for 62 gold pieces
 19783 | Orc:1    | Bought a scroll of identify for 62 gold pieces
 19783 | Orc:1    | Bought a scroll of identify for 62 gold pieces
 19783 | Orc:1    | Bought a scroll of fear for 124 gold pieces
 19783 | Orc:1    | Bought a potion of curing for 93 gold pieces
 19783 | Orc:1    | Bought a scroll of poison for 124 gold pieces
 20336 | Orc:1    | Found a runed translucent door.
 20338 | Orc:1    | Noticed Fyreb's ghost (journeyman MiBe)
 21350 | Orc:1    | Reached skill level 20 in Unarmed Combat
 21571 | Orc:2    | Found Wusaitz's Jewellery Boutique.
 21571 | Orc:2    | Found Gasutam's Antique Weapon Shoppe.
 21575 | Orc:2    | Found Qyurot Naolo's Antique Weapon Shoppe.
 21575 | Orc:2    | Found Evvyipoa's Antique Weapon Shop.
 21780 | Orc:2    | Reached skill level 5 in Fighting
 21795 | Orc:2    | Found a staircase to the Elven Halls.
 22391 | D:12     | Found Ogotz's General Store.
 22399 | D:12     | Bought a scroll of teleportation for 30 gold pieces
 22399 | D:12     | Bought a scroll of acquirement for 520 gold pieces
 22399 | D:12     | Acquired 903 gold pieces
 22429 | D:12     | Noticed Frances
 22479 | D:12     | Found Kufacveo's Assorted Antiques.
 22487 | D:12     | Bought a twitching wooden ring for 190 gold pieces
 22487 | D:12     | Identified the ring of Dot Bich {rF+ rN+ Int+6} (You bought
                  | it in a shop on level 12 of the Dungeon)
 22487 | D:12     | Bought a small bronze ring for 190 gold pieces
 22487 | D:12     | Bought a distressingly furry scale mail for 342 gold pieces
 22487 | D:12     | Identified the +5 scale mail of the Old and Reckless {Harm
                  | Fly rN+ Str+2} (You bought it in a shop on level 12 of the
                  | Dungeon)
 22589 | D:12     | Found Xeaq's Assorted Antiques.
 22599 | D:12     | Bought a scroll of teleportation for 72 gold pieces
 22599 | D:12     | Bought a wand of light (4) for 403 gold pieces
 22599 | D:12     | Bought a potion of curing for 72 gold pieces
 22762 | D:12     | Killed Frances
 22823 | D:12     | Found Ozooput's Antique Weapon Boutique.
 22825 | D:12     | Noticed Jorgrun
 23291 | Spider:1 | Entered Level 1 of the Spider Nest
 23588 | Spider:1 | Noticed Nikola
 23608 | Spider:1 | Killed Nikola
 24136 | Spider:1 | Noticed Donald
 25074 | Spider:1 | Reached XP level 15. HP: 76/115 MP: 18/18
 25621 | Spider:2 | Identified the +8 arbalest "Urosion" {speed, rN+ Str+3
                  | Int-4}
 26038 | Spider:2 | HP: 3/138 [redback (11)]
 27037 | Spider:2 | Reached skill level 10 in Dodging
 27576 | Spider:3 | Reached skill level 1 in Spellcasting
 27651 | Spider:3 | Got the Compendium of Unified Minerals
 27937 | Spider:3 | Identified the +5 ring mail "Extoux" {Int+5 Slay-5 SInv}
 29315 | Spider:4 | Entered Level 4 of the Spider Nest
 30119 | Spider:4 | Upgraded the game from 0.31-a0-263-ge8cad7f256 to
                  | 0.31-a0-271-gb88eb75e06
 30212 | Spider:4 | HP: 4/140 [poisoned by an emperor scorpion]
 30213 | Spider:4 | Mangled by a culicivora

Illustrated notes

Levels and vault maps discovered:
D:1:      dpeg_arrival_fog, layout_basic, grunt_decor_junction,
          palyth_stone_intersect, chequers_avenue, minmay_indecisive_spiral
D:2:      layout_loops_ring, serial_shops, nicolae_lakefront_shop, uniq_sigmund
D:3:      layout_loops_ring, gammafunk_ghost_grave
D:4:      layout_loops_cross, elyvilon_altar_4, general_overflow_altar,
          nicolae_qazlal_style_of_elements, mainiacjoe_overflow_cross_hatched,
          temple_statues, grunt_decor_one_mirror, minmay_pentangle
D:5:      layout_basic
D:6:      layout_loops_cross, lemuel_zombie_altar_kikubaaqudgha,
          gup_sewer_entry_pipe
D:7:      layout_basic, serial_shops, nicolae_shop_pleasant_corner_grove,
          uniq_pikel
D:8:      layout_basic, lemuel_doored_altar, grunt_dithmenos_smoke,
          lemuel_tele_altar, dpeg_lair_monsters
D:9:      layout_rooms, lemuel_crystal_altar, serial_shops, shop,
          kennysheep_pointless_box
D:10:     layout_loops_ring, mainiacjoe_overflow_alcove_2,
          minmay_orc_entry_guard_dogs, hangedman_misty_isle
D:11:     layout_loops_cross, serial_shops, nicolae_shop_waterfront
D:12:     layout_stronghold, serial_shops, shop,
          nicolae_shop_temple_entry_statues_fountains, shop, shop, shop,
          grunt_decor_clamped, uniq_jorgrun, uniq_frances, uniq_lodul
Lair:1:   layout_chaotic_city, beast_lair_carwin_6
Lair:2:   layout_hall_layers, nicolae_spider_entry_lesser_pyramids,
          grunt_megastairs_2, serial_bayou_shore_b, infiniplex_staircase_pool_2,
          serial_bayou_shore_b
Lair:3:   layout_loops_ring, minmay_shoals_entry_centaurs, beast_lair_carwin_1
Lair:4:   lemuel_reptile_caves, layout_cave_shapes, dpeg_slime_entry_enclosed
Lair:5:   hangedman_lair_tendril_chambers, layout_gridlike,
          infiniplex_staircase_pool
Spider:1: layout_spider_delve, uniq_donald, uniq_nikola
Spider:2: layout_chambers
Spider:3: layout_spider_delve
Spider:4: hellmonk_spider_rune_endless_swarm, nicolae_spider_not_touching_you
Orc:1:    layout_diamond_mine, ebering_ghost_inner_flame, serial_shops, shop,
          uniq_harold
Orc:2:    st_orc_ogre_mass, layout_diamond_mine, basic_altar

Skill      XL: |  1  2  3  4  5  6  7  8  9 10 11 12 13 14 15 |
---------------+----------------------------------------------+-----
Unarmed Combat | 2 3 7 8 10 12 14 15 16 17 18 19 20 | 20.9
Dodging        | 2 4 6 8 9 10 | 10.3
Fighting       | 3 4 6 |  6.9
Shapeshifting  | 2 5 8 9 10 11 | 11.7
Spellcasting   | 2 |  2.2
Stealth        | |  4.5

Action                     |  1- 3 |  4- 6 |  7- 9 | 10-12 | 13-15 || total
---------------------------+-------+-------+-------+-------+-------++-------
  Melee: Unarmed           |    82 |   119 |   356 |   563 |   830 ||  1950
         Punch             |     4 |     2 |       |     2 |     1 ||     9
         Constrict         |       |       |     3 |    96 |   186 ||   285
  Throw: Dart              |       |       |    15 |     5 |       ||    20
         Javelin           |       |       |    11 |     3 |       ||    14
   Cast: Wereblood         |       |       |       |    27 |    70 ||    97
         Foxfire           |       |       |       |     6 |    40 ||    46
  Evoke: Wand              |     5 |       |     1 |     7 |     1 ||    14
    Use: Scroll            |       |     1 |     5 |     6 |    13 ||    25
         Potion            |       |       |       |     1 |     3 ||     4
   Stab: Sleeping          |     4 |       |       |     5 |     9 ||    18
         Distracted        |       |       |       |       |     1 ||     1
 Armour: Leather armour    |    16 |       |       |       |       ||    16
         Chain mail        |    11 |    58 |       |       |       ||    69
         Plate armour      |       |       |   164 |    34 |       ||   198
         Skin              |       |       |     1 |   134 |   207 ||   342
         Robe              |       |       |       |     7 |     1 ||     8
  Dodge: Dodged            |    40 |    57 |    73 |   208 |   429 ||   807
  Block: Buckler           |       |     2 |    40 |     6 |       ||    48
         Other             |       |       |       |    41 |   123 ||   164
         Reflection        |       |       |       |     2 |       ||     2
   Form: Anaconda          |       |       |     1 |     4 |     2 ||     7
                           |       |       |     1 |       |       ||     1
         Blade             |       |       |       |     3 |     2 ||     5

Table legend: (Time is in decaauts)
 A = Elapsed time spent in this place.
 B = Non-inter-level travel time spent in this place.
 C = Inter-level travel time spent in this place.
 D = Time resting spent in this place.
 E = Time spent auto-exploring this place.
 F = Levels seen in this place.
 G = Mean time per level.
                   A        B        C        D        E       F      G
               +--------+--------+--------+--------+--------+-----+--------+
         Total |  29715 |  28154 |   1561 |   6930 |  15242 |  24 | 1238.1 |
       Dungeon |  12962 |  12062 |    900 |   1586 |   7564 |  12 | 1080.2 |
          Lair |   7171 |   6801 |    370 |   1555 |   3670 |   5 | 1434.2 |
   Spider Nest |   6828 |   6686 |    142 |   2807 |   2971 |   4 | 1707.0 |
  Orcish Mines |   2592 |   2445 |    147 |    982 |    963 |   2 | 1296.0 |
         Sewer |    160 |    160 |      0 |      0 |     74 |   1 |  160.0 |
               +--------+--------+--------+--------+--------+-----+--------+

Top non-repeatable levels by time:
Spider:3: 2339 daAuts
Spider:1: 2131 daAuts
  Lair:5: 2039 daAuts
Spider:2: 1960 daAuts
     D:8: 1691 daAuts
  Lair:1: 1691 daAuts
    D:10: 1517 daAuts
  Lair:2: 1465 daAuts
   Orc:1: 1423 daAuts
     D:5: 1344 daAuts
     D:7: 1298 daAuts
   Orc:2: 1169 daAuts
  Lair:4: 1160 daAuts
     D:9: 1089 daAuts
     D:4: 1013 daAuts
